 Dungeon Crawl Stone Soup version 0.29.0-7-g18a832c13a (webtiles) character file.

Game seed: 11721062526469534286

37 CalmDownMonkey the Sneak (level 3, -1/16 HPs)
             Began as a Spriggan Enchanter on Aug 30, 2022.
             Slain by an adder (4 damage)
             ... on level 2 of the Dungeon.
             The game lasted 00:06:14 (1189 turns).

CalmDownMonkey the Sneak (Spriggan Enchanter)       Turns: 1189, Time: 00:06:15

Health: -1/16      AC:  2    Str:  4    XL:     3   Next: 21%
Magic:  8/8        EV: 17    Int: 16    God:
Gold:   84         SH:  0    Dex: 17    Spells: 5/7 levels left

rFire   . . .      SeeInvis +   a - +1 dagger
rCold   . . .      Faith    .   (no shield)
rNeg    . . .      Spirit   .   b - +0 robe
rPois   .          Reflect  .   (helmet restricted)
rElec   .          Harm     .   (no cloak)
rCorr   .          Rampage  .   (gloves unavailable)
Will    .....                   (boots unavailable)
Stlth   +++.......              (no amulet)
HPRegen 0.05/turn               (no ring)
MPRegen 0.11/turn               (no ring)

@: very quick
A: very small, no large weapons, unfitting armour, see invisible, speed 3
a: no special abilities


You were on level 2 of the Dungeon.
You visited 1 branch of the dungeon, and saw 3 of its levels.

You collected 84 gold pieces.

Inventory:

Hand Weapons
 a - a +1 dagger (weapon)
Missiles
 h - 3 poisoned darts (quivered)
 j - 9 stones
Armour
 b - a +0 robe (worn)
Magical Staves
 k - a staff of earth
   (You found it on level 2 of the Dungeon)
Scrolls
 d - 2 scrolls of identify
 e - a scroll of silence {!r}
 l - a scroll of enchant weapon {unknown}
Potions
 c - 3 potions of invisibility
 f - a potion of cancellation
 g - a potion of mutation {!q}
 i - a potion of might {unknown}


   Skills:
 - Level 1.1(1.4) Short Blades
 - Level 0.9(1.1) Long Blades
 - Level 2.6 Dodging
 + Level 5.4 Stealth
 - Level 2.6 Spellcasting
 + Level 4.0 Hexes
 + Level 0.7 Ice Magic


You had 5 spell levels left.
You knew the following spells:

 Your Spells              Type           Power      Damage    Failure   Level
a - Ensorcelled Hibernat  Hex/Ice        18%        N/A       11%         2

Your spell library contained the following spells:

 Spells                   Type           Power      Damage    Failure   Level
 Confusing Touch          Hex            15%        N/A       11%         3
 Tukima's Dance           Hex            15%        N/A       11%         3
 Dazzling Flash           Conj/Hex       16%        N/A       26%         3


Dungeon Overview and Level Annotations

Branches:
Dungeon (3/15)

Altars:


Innate Abilities, Weirdness & Mutations

You are very small and have problems with some larger weapons.
You are too small for most types of armour.
You have supernaturally acute eyesight. (SInv)
You cover ground extremely quickly. (Speed+++)


Message History

You climb downwards.
Found 13 gold pieces.
Found two stone staircases leading up and a stone staircase leading down.
There is a stone staircase leading up here.
A rat comes into view.
Found a scroll labelled ATYGIWICUO.
A bat comes into view.
Found a thin runed staff and 2 gold pieces.
Found a scroll of identify.
The helpless rat fails to defend itself.
You impale the rat!!
You kill the rat!
You hit the bat.
The bat is severely wounded.
The bat hits you. The bat closely misses you.
You see here a rat corpse.
The bat misses you.
You hit the bat but do no damage.
The bat is severely wounded.
The bat misses you. The bat completely misses you.
You hit the bat.
You kill the bat!
Your Stealth skill increases to level 5!
Memorise Ensorcelled Hibernation, consuming 2 spell levels and leaving 4?
You start memorising the spell.
You continue memorising. x2
You finish memorising.
Spell assigned to 'a'.
k - a staff of earth
l - a scroll labelled ATYGIWICUO
d - 2 scrolls of identify (gained 1)
You now have 82 gold pieces (gained 13).
You're too inexperienced to learn that spell!
You see here a rat corpse.
You now have 84 gold pieces (gained 2).
An endoplasm comes into view.
The helpless endoplasm fails to defend itself.
You impale the endoplasm!!
You kill the endoplasm!
Found a fizzy grey potion.
An adder comes into view.
A goblin comes into view. It is wielding a +0 club.
A bat comes into view.
The adder hisses angrily.
The adder barely misses you.
You hit the adder.
The adder is moderately wounded.
The adder bites you.
You are poisoned.
The adder poisons you! The bat completely misses you.
You feel sick. The bat misses you.
You feel sick.
The goblin shouts!
You hear an angry hiss.
You feel sick. The bat barely misses you.
You feel sick.
You feel sick. The bat closely misses you.
You feel sick.
You feel sick.
You are no longer poisoned.
The bat barely misses you. The bat attacks as you move away!
The bat barely misses you. x2
The bat attacks as you move away! The bat completely misses you.
A worm comes into view.
A hobgoblin comes into view.
The bat attacks as you move away! The bat misses you.
The bat closely misses you. The bat attacks as you move away!
The bat hits you but does no damage. The bat barely misses you.
The hobgoblin shouts!
The bat closely misses you.
There is a stone staircase leading up here.
The bat closely misses you.
You climb upwards.
There is a stone staircase leading down here.
You start resting.
HP restored.
There is a stone staircase leading down here.
You climb downwards.
Found a potion of invisibility.
There is a stone staircase leading up here.
There is a stone staircase leading down here.
You climb downwards.
There is a stone staircase leading up here.
An orc priest comes into view. It is wielding a +0 club.
The helpless orc wizard fails to defend itself.
You impale the orc wizard!!
You kill the orc wizard!
The orc priest shouts!
The orc shouts!
The orc priest shouts!
Your Hexes skill increases to level 4!
You have reached level 3!
Your experience leads to an increase in your attributes!
Increase (s)trength, (i)ntelligence, or (d)exterity?
You feel agile. x2
The orc priest mumbles some strange prayers to Beogh against you.
Beogh smites you!
Ouch! That really hurt!
* * * LOW HITPOINT WARNING * * *
There is a stone staircase leading up here.
You climb upwards.
The bat barely misses you. The adder bites you.
You die...

#.........<............!
#...............####...
#......................
###...†...........##.### .
#.†.........<........#..
#.......................
#.....#.#.#....g........
####....#+#.#..Sw.<.......
#......#.......@g.........
#......#...###b.###.......
#......#..........+.......
#...............#.#.......
#...............#.........
#.....................####
#.............##.#....#
#.............# ......#
#.............###..#..#


You could see a worm, an adder, a hobgoblin, a goblin and a bat.

Vanquished Creatures
  An orc wizard (D:3)
  4 ball pythons (D:1)
  A bat (D:2)
  2 endoplasms
  A hobgoblin (D:1)
  3 frilled lizards (D:1)
  A rat (D:2)
13 creatures vanquished.

Notes
Turn   | Place    | Note
-------+----------+-------------------------------------------
     0 | D:1      | CalmDownMonkey the Spriggan Enchanter began the quest for
                  | the Orb.
     0 | D:1      | Reached XP level 1. HP: 9/9 MP: 5/5
   517 | D:1      | Reached XP level 2. HP: 8/13 MP: 6/6
   892 | D:2      | Reached skill level 5 in Stealth
   895 | D:2      | Learned a level 2 spell: Ensorcelled Hibernation
  1187 | D:3      | Reached skill level 4 in Hexes
  1187 | D:3      | Reached XP level 3. HP: 16/16 MP: 8/8
  1189 | D:2      | Slain by an adder

Illustrated notes

Levels and vault maps discovered:
D:1:      mrwooster_arrival_statue_2, layout_rooms
D:2:      layout_basic, uniq_natasha
D:3:      kb_forest_paths, layout_basic, nicolae_dithmenos_the_darkroom,
          basic_ecumenical_altar, uniq_robin

Skill      XL: |  1  2 |
---------------+-------+-----
Stealth        | 5 |  5.4
Hexes          | 4 |  4.0
Short Blades   | |  1.1
Long Blades    | |  0.9
Dodging        | |  2.6
Spellcasting   | |  2.6
Ice Magic      | |  0.7

Action                   || total
-------------------------++-------
Melee: Dagger            ||    34
  Use: Scroll            ||     3
 Stab: Sleeping          ||     6
Armor: Robe              ||     4
Dodge: Dodged            ||    42

Table legend: (Time is in decaauts)
 A = Elapsed time spent in this place.
 B = Non-inter-level travel time spent in this place.
 C = Inter-level travel time spent in this place.
 D = Time resting spent in this place.
 E = Time spent auto-exploring this place.
 F = Levels seen in this place.
 G = Mean time per level.
                   A        B        C        D        E       F      G
               +--------+--------+--------+--------+--------+-----+--------+
         Total |    934 |    918 |     16 |    206 |    536 |   3 |  311.3 |
       Dungeon |    934 |    918 |     16 |    206 |    536 |   3 |  311.3 |
               +--------+--------+--------+--------+--------+-----+--------+

Top non-repeatable levels by time:
     D:1: 865 daAuts
     D:2: 65 daAuts
     D:3: 4 daAuts

Table legend:
 A = Kills in this place as a percentage of kills in entire the game.
 B = Kills by you in this place as a percentage of kills by you in the entire game.
 C = Kills by friends in this place as a percentage of kills by friends in the entire game.
 D = Other kills in this place as a percentage of other kills in the entire game.
 E = Experience gained in this place as a percentage of experience gained in the entire game.
 F = Experience gained in this place divided by the number of levels of this place that you have seen.
                   A       B       C       D       E      F
               +-------+-------+-------+-------+-------+----------------------
         Total | 100.0 | 100.0 |   N/A |   N/A | 100.0 |  17.7
       Dungeon | 100.0 | 100.0 |   N/A |   N/A | 100.0 |  17.7
               +-------+-------+-------+-------+-------+----------------------
